[Event "Late-Titled-Tuesday-Blitz-October-24-2023"]
[Site "Chess.com"]
[Date "2023.10.24"]
[Round "1"]
[White "Mykola-Bortnyk"]
[Black "Tonychess32"]
[Result "1-0"]
[WhiteElo "2959"]
[BlackElo "2513"]
[TimeControl "180+1"]
[EndTime "14:05:21 PDT"]
[Termination "Mykola-Bortnyk won by checkmate"]

1. e4 e6 2. d4 d5 3. exd5 exd5 4.
c4 dxc4 5. Bxc4 Nf6 6. Qb3 Qe7+ 7. Be3 c6 8. Nf3 b5 9. Bd3 Nd5 10. O-O Nxe3 11. fxe3 Qxe3+ 12. Kh1 Be6 13. Qc2 Bd6 14. d5 cxd5 15. Bxb5+ Ke7 16. Nc3 Qc5 17. Rae1 h6 18.
b4 Qc8 19. Nxd5+ Kd8 20. Qd3 Qb7 21. Nf4 Ke7 22. Nxe6 fxe6 23. Qg6 Kf8 24. Qe8# 1-0

[Event "Late-Titled-Tuesday-Blitz-October-24-2023"]
[Site "Chess.com"]
[Date "2023.10.24"]
[Round "1"]
[White "kalxandria"]
[Black "stolencandy13"]
[Result "0-1"]
[WhiteElo "2155"]
[BlackElo "2583"]
[TimeControl "180+1"]
[EndTime "14:05:25 PDT"]
[Termination "stolencandy13 won by resignation"]

1. e4 c6 2. d4 d5 3. Nd2 dxe4 4. Nxe4 Bf5 5. Ng3 Bg6 6. h4 h6 7. f4 e6 8. Nf3 Bd6 9. h5 Bh7 10. Bd3 Bxd3 11. Qxd3 Nf6 12. Bd2 Nbd7 13. O-O-O Qc7 14. Ne5 Rf8 15. Rhe1 O-O-O 16. Qe2 Kb8 17. Kb1 c5 18. Nxd7+ Rxd7 19. dxc5 Bxf4 20. Bxf4 Qxf4 21.
Rxd7 Nxd7 22. c6 Nb6 23. Ne4 bxc6 24. a4 Rd8 25. a5 Nd5 26. Nc5 Ka8 27. Qa6 Qc7 28.
Re4 Rb8 29. Kc1 Rb5 30. b4 Nxb4 31. Rxb4 Rxb4 32. Qd3 Qf4+ 0-1

[Event "Late-Titled-Tuesday-Blitz-October-24-2023"]
[Site "Chess.com"]
[Date "2023.10.24"]
[Round "1"]
[White "ozates"]
[Black "KVAIDAN"]
[Result "0-1"]
[WhiteElo "2704"]
[BlackElo "2420"]
[TimeControl "180+1"]
[EndTime "14:05:29 PDT"]
[Termination "KVAIDAN won by resignation"]

1. e4 e5 2. Nc3 Nc6 3. g3 Bb4 4. Bg2 Nge7 5. Nge2 O-O 6. O-O d6 7. d3 Be6 8. Nd5 Bc5 9. c4 f5 10. a3 a5 11. Rb1 a4 12. Nec3 f4 13. gxf4 exf4 14. Nxf4 Bd7 15. Be3 Bxe3 16. fxe3 Ne5 17. Ncd5 N7g6 18. Rc1 Nh4 19. d4 Ng4 20. Qe2 c6 21.
Nc3 Qg5 22. Nh3 Qxe3+ 23. Qxe3 Nxe3 24. Rxf8+ Rxf8 25. Nxa4 Nhxg2 26. Nf2 Nf4 27. Re1 Nxc4 28. b3 Nd2 29. Re3 d5 30. Nc5 Bc8 31. e5 Ne6 32.
Nxe6 Bxe6 33. Nd3 Nf3+ 34. Kg2 Nxd4 35. Nc5 Bc8 36. e6 Re8 37. e7 Kf7 0-1

[Event "Late-Titled-Tuesday-Blitz-October-24-2023"]
[Site "Chess.com"]
[Date "2023.10.24"]
[Round "1"]
[White "chesspreceptor"]
[Black "akanga001"]
[Result "1-0"]
[WhiteElo "2555"]
[BlackElo "2046"]
[TimeControl "180+1"]
[EndTime "14:05:31 PDT"]
[Termination "chesspreceptor won by resignation"]

1. d4 d5 2. Nc3 Bf5 3. Bf4 e6 4. Nf3 Bd6 5. e3 Bxf4 6. exf4 Nf6 7. Ne5 O-O 8. h4 h5 9. Be2 g6 10. g4 hxg4 11. Bxg4 Bxg4 12. Nxg4 Kg7 13. Qe2 Nc6 14.
O-O-O Nxg4 15. Qxg4 Qf6 16. h5 Nxd4 17. hxg6 fxg6 18.
Kb1 Qxf4 19. Rxd4 Qxg4 20. Rxg4 Rxf2 21. Rhg1 Rf6 22. a4 c6 23. a5 e5 24. Rb4 Rf7 25.
Na4 Re8 26. Nc5 Ree7 27. Kc1 e4 28. Kd2 Rf2+ 29. Ke3 Rf3+ 30. Ke2 Rff7 31. Rf1 Rxf1 32. Kxf1 b6 33. axb6 axb6 34. Rxb6 d4 35. Rxc6 d3 36. cxd3 exd3 37. Nxd3 Rd7 38. Rxg6+ Kf7 39. Ne5+ 1-0

[Event "Late-Titled-Tuesday-Blitz-October-24-2023"]
[Site "Chess.com"]
[Date "2023.10.24"]
[Round "1"]
[White "biostatistician"]
[Black "keepitcoming"]
[Result "1-0"]
[WhiteElo "2591"]
[BlackElo "2234"]
[TimeControl "180+1"]
[EndTime "14:05:35 PDT"]
[Termination "biostatistician won on time"]

1. d4 d5 2. Nf3 Nf6 3. c4 e6 4. Nc3 c5 5. cxd5 exd5 6. Bg5 Be6 7. e3 c4 8. Qa4+ Nc6 9. Ne5 Qb6 10. Nxc6 bxc6 11. Bxf6 gxf6 12. Be2 Bd6 13. O-O Rc8 14. b3 Rg8 15. bxc4 dxc4 16. Rfb1 Qc7 17. f4 Ke7 18. Bxc4 Bh3 19. g3 h5 20. Ba6 Rb8 21. Kf2 h4 22.
Rxb8 Qxb8 23. Rb1 hxg3+ 24. hxg3 Qd8 25. Rb7+ Kf8 26. Qxc6 Bc8 27. Rxa7 1-0

[Event "Late-Titled-Tuesday-Blitz-October-24-2023"]
[Site "Chess.com"]
[Date "2023.10.24"]
[Round "1"]
[White "Langua_Chess"]
[Black "MatthewG-p4p"]
[Result "0-1"]
[WhiteElo "2508"]
[BlackElo "2916"]
[TimeControl "180+1"]
[EndTime "14:05:36 PDT"]
[Termination "MatthewG-p4p won on time"]

1. e4 e6 2. d4 d5 3. Nd2 a6 4. Ngf3 Nf6 5. Bd3 c5 6. e5 Nfd7 7. c3 Nc6 8. O-O g5 9. dxc5 g4 10. Nd4 Ndxe5 11. Be2 Bxc5 12. N2b3 Bd6 13. Bxg4 h5 14. Bh3 Qc7 15. f4 Ng4 16. Bxg4 hxg4 17. Qxg4 Bd7 18. Nxc6 bxc6 19. Qf3 O-O-O 20. Be3 c5 21.
Qf2 Bb5 22. Rfe1 c4 23. Bb6 Qe7 24. Bxd8 Rxd8 25. Nd4 Bc5 26. a4 Bd7 27. Reb1 f6 28. Kh1 e5 29. fxe5 fxe5 30. Nf5 Qf8 31. Qe2 Qxf5 32.
b3 Rh8 33. bxc4 Qf4 34. g3 Bg4 35. Rb8+ Kxb8 36. Qb2+ Kc7 37. gxf4 Bf3+ 0-1

[Event "Late-Titled-Tuesday-Blitz-October-24-2023"]
[Site "Chess.com"]
[Date "2023.10.24"]
[Round "1"]
[White "szachmistrz2500"]
[Black "Hasangatin_Ramil"]
[Result "1-0"]
[WhiteElo "2420"]
[BlackElo "2697"]
[TimeControl "180+1"]
[EndTime "14:05:39 PDT"]
[Termination "szachmistrz2500 won on time"]

1. Nf3 d5 2. g3 Nc6 3. d4 Bf5 4.
Bg2 Nb4 5. Na3 e6 6. O-O Nf6 7. Nh4 Bg4 8. h3 Bh5 9. c3 Nc6 10. f4 Bxa3 11. bxa3 Ne7 12. g4 Bg6 13. Nxg6 hxg6 14.
a4 Nc8 15. c4 c6 16. Rb1 Rb8 17. cxd5 exd5 18. Ba3 Nd6 19. Qd3 O-O 20. g5 Nfe4 21. Bxe4 dxe4 22. Qd2 Nc4 23. Qc3 Nxa3 24. Qxa3 Qxd4+ 25. e3 Qd3 26. Qxd3 exd3 27. Rfd1 1-0

[Event "Late-Titled-Tuesday-Blitz-October-24-2023"]
[Site "Chess.com"]
[Date "2023.10.24"]
[Round "1"]
[White "bipe137"]
[Black "IMSlavin"]
[Result "1-0"]
[WhiteElo "2585"]
[BlackElo "2208"]
[TimeControl "180+1"]
[EndTime "14:05:44 PDT"]
[Termination "bipe137 won by checkmate"]

1. d4 Nc6 2. d5 Ne5 3. g3 Nf6 4. Bg2 d6 5. Nc3 g6 6. Nf3 Nxf3+ 7. exf3 Bg7 8. O-O O-O 9. Be3 c6 10. dxc6 bxc6 11. f4 Bd7 12. Re1 Rb8 13. Rb1 a5 14.
Qd2 Re8 15. b3 Qc7 16. Rbd1 Rb4 17. a3 Rbb8 18. Bd4 c5 19. Bxf6 Bxf6 20. Nd5 Qd8 21. Nxf6+ exf6 22. Qxd6 Rxe1+ 23. Rxe1 Bf5 24. Qxc5 Rc8 25.
Qb5 Bxc2 26. b4 axb4 27. Qxb4 Kg7 28. h4 Bf5 29. h5 Rc2 30. a4 Ra2 31. Bc6 Qd3 32.
Kg2 Qc2 33. h6+ Kxh6 34. Qf8+ Kh5 35. Bf3+ Bg4 36. Rh1# 1-0

[Event "Late-Titled-Tuesday-Blitz-October-24-2023"]
[Site "Chess.com"]
[Date "2023.10.24"]
[Round "1"]
[White "KChor05TTV"]
[Black "Nick12772"]
[Result "1-0"]
[WhiteElo "2671"]
[BlackElo "2370"]
[TimeControl "180+1"]
[EndTime "14:05:45 PDT"]
[Termination "KChor05TTV won by resignation"]

1. e4 e6 2. d4 d5 3. Nd2 Nf6 4. e5 Nfd7 5. Bd3 c5 6. c3 Nc6 7.
Ngf3 Be7 8. O-O a5 9. Re1 cxd4 10. cxd4 g5 11. Bb5 g4 12. b3 gxf3 13. Nxf3 Nf8 14. Qc2 Bd7 15. Bh6 Ng6 16. a4 Nb4 17. Qe2 Bxb5 18.
axb5 b6 19. g3 Qd7 20. h4 O-O-O 21. h5 Nf8 22. Ng5 Bxg5 23. Bxg5 Re8 24. Bf6 Rg8 25. Rac1+ Kb7 26. Qe3 Rc8 27. Rxc8 Qxc8 28. Rc1 Qb8 29. Be7 Qe8 30. Qc3 Qd7 31. Bxb4 axb4 32. Qxb4 h6 33. Qa4 Nh7 34. Qa6+ Kb8 35. Qxb6+ Qb7 36. Qd6+ Ka8 37. Ra1+ Qa7 38. Rxa7+ Kxa7 39. Qc7+ Ka8 40. b6 1-0

[Event "Late-Titled-Tuesday-Blitz-October-24-2023"]
[Site "Chess.com"]
[Date "2023.10.24"]
[Round "1"]
[White "Msb2"]
[Black "subham777"]
[Result "1-0"]
[WhiteElo "3083"]
[BlackElo "2522"]
[TimeControl "180+1"]
[EndTime "14:05:48 PDT"]
[Termination "Msb2 won by resignation"]

1. d4 d5 2. c4 e6 3. Nc3 Nf6 4. cxd5 exd5 5. Bg5 c6 6. e3 Bd6 7. Bd3 O-O 8. Nf3 h6 9. Bh4 a5 10. a3 Re8 11. Qc2 Na6 12. Bg3 Nc7 13. Ne5 Ne6 14. f4 c5 15. Nb5 cxd4 16. exd4 Bb8 17.
O-O Bd7 18. Rad1 Bxb5 19. Bxb5 Re7 20. Kh1 Qb6 21. Qc8+ Nf8 22. Bd3 Re8 23. Qf5 Ne6 24. Ng4 Nxg4 25. Qxg4 Nxd4 26. f5 Nb5 27. f6 g6 28.
Bxg6 Kf8 29. Bxf7 Kxf7 30. Qg7+ Ke6 31. f7 Bxg3 32. Rf6+ Kd7 33. fxe8=Q+ 1-0

[Event "Late-Titled-Tuesday-Blitz-October-24-2023"]
[Site "Chess.com"]
[Date "2023.10.24"]
[Round "1"]
[White "dedpihto_v_kozhanom_palto"]
[Black "KafkaesqueKnight"]
[Result "1-0"]
[WhiteElo "2634"]
[BlackElo "2316"]
[TimeControl "180+1"]
[EndTime "14:05:53 PDT"]
[Termination "dedpihto_v_kozhanom_palto won by checkmate"]

1. c4 e5 2. Nc3 Nf6 3. Nf3 Nc6 4.
e3 Bb4 5. Qc2 O-O 6. Nd5 d6 7.
a3 Ba5 8. Bd3 h6 9. b4 Bb6 10.
Nxf6+ Qxf6 11. Bb2 Bg4 12. Be4 Rad8 13. h3 Bh5 14. O-O Ne7 15. d4 exd4 16. Nxd4 Bg6 17. Nf5 Qe6 18. Nxe7+ Qxe7 19. Bxg6 fxg6 20. Qxg6 Rde8 21.
Rad1 Rf7 22. Qg3 Ref8 23. Bd4 c5 24. bxc5 dxc5 25. Be5 Qe6 26. Rd5 g5 27. Rd6 Qxc4 28. Rxh6 Rf5 29. Rg6+ Kh7 30. Rxg5 Rxg5 31. Qxg5 Rf7 32.
Qh5+ Kg8 33. Qh8# 1-0

[Event "Late-Titled-Tuesday-Blitz-October-24-2023"]
[Site "Chess.com"]
[Date "2023.10.24"]
[Round "1"]
[White "iJueles"]
[Black "Nyzhnyk_Illia"]
[Result "0-1"]
[WhiteElo "2481"]
[BlackElo "2846"]
[TimeControl "180+1"]
[EndTime "14:05:56 PDT"]
[Termination "Nyzhnyk_Illia won by resignation"]

1. d4 d5 2. c4 c6 3. Nf3 Nf6 4.
Qb3 g6 5. g3 Bg7 6. Bg2 O-O 7.
O-O Na6 8. Bf4 dxc4 9. Qxc4 Be6 10. Qc1 Rc8 11. Nc3 c5 12. Rd1 Nd5 13. Bh6 Nxc3 14.
bxc3 Qa5 15. Bxg7 Kxg7 16. Qb2 cxd4 17. cxd4 Bd5 18. Ne5 f6 19. Nd3 b6 20. e4 Bf7 21. e5 Rfd8 22. Nf4 Nb4 23. e6 Be8 24. Rd2 g5 25. Ne2 Nd5 26. Rad1 Bg6 27. Bxd5 Qxd5 28. Qb3 Qxb3 29. axb3 Rd5 30. f4 Bf5 31. fxg5 fxg5 32. Ra2 a5 33. b4 axb4 34. Rb2 Rc4 35. Kf2 Bxe6 36. Rdb1 Rb5 37. Ke3 Bf5 38. Rc1 Rxc1 39. Nxc1 Be6 40. Nd3 b3 41. Nc1 Bd5 42. Kd3 Ra5 43. Nxb3 Rb5 44. Kc3 Rxb3+ 45. Rxb3 Bxb3 46. Kxb3 Kf6 47. Kb4 Ke6 0-1

[Event "Late-Titled-Tuesday-Blitz-October-24-2023"]
[Site "Chess.com"]
[Date "2023.10.24"]
[Round "1"]
[White "Iball95"]
[Black "2346PL"]
[Result "1-0"]
[WhiteElo "2840"]
[BlackElo "2479"]
[TimeControl "180+1"]
[EndTime "14:05:56 PDT"]
[Termination "Iball95 won by resignation"]

1. e4 d6 2. d4 Nf6 3. Nc3 e5 4. dxe5 dxe5 5. Qxd8+ Kxd8 6. Bg5 Be6 7. g3 Nd7 8. f4 exf4 9. gxf4 Bg4 10. e5 h6 11. Bh4 g5 12. fxg5 Nh5 13. g6+ Kc8 14.
gxf7 Nxe5 15. h3 Bf5 16. O-O-O Nxf7 17. Bc4 Nd6 18. Bd5 Bg7 19. Nf3 Nf4 20. Bb3 b6 21. Nd4 Kb7 22. Bg3 Nh5 23. Bxd6 Bxd4 24. Rxd4 cxd6 25. Bd5+ Kc7 26. Bxa8 Rxa8 27. Rd5 Ng3 28.
Rg1 Rg8 29. Rxf5 1-0

[Event "Late-Titled-Tuesday-Blitz-October-24-2023"]
[Site "Chess.com"]
[Date "2023.10.24"]
[Round "1"]
[White "cthake"]
[Black "DanylaBagrov"]
[Result "0-1"]
[WhiteElo "1920"]
[BlackElo "2541"]
[TimeControl "180+1"]
[EndTime "14:05:56 PDT"]
[Termination "DanylaBagrov won by resignation"]

1. e4 c5 2. Nf3 a6 3. d4 cxd4 4. Nxd4 Nf6 5. Nc3 e5 6. Nf3 Bb4 7. Bd3 d5 8. exd5 e4 9. Qe2 O-O 10. Bxe4 Nxe4 11. Qxe4 Re8 12. Ne5 Bxc3+ 13. bxc3 Nd7 14.
f4 f6 15. d6 fxe5 16. Qc4+ Kh8 17. O-O e4 18. Be3 Nf6 19. Rad1 Bg4 20. Rd2 Rc8 21. Qd4 Qd7 22. h3 Be6 23. Kh1 Bxa2 24. g4 Rc4 25.
Qb6 Rxc3 26. Re1 Nd5 27. Qb2 Rxe3 28. Rxe3 Nxe3 29. Qxa2 b5 30. Qxa6 Nc4 31. Rd1 e3 32. Re1 e2 33. Qa1 Nd2 34. Qd4 Qc6+ 35. Kh2 Nf3+ 0-1

[Event "Late-Titled-Tuesday-Blitz-October-24-2023"]
[Site "Chess.com"]
[Date "2023.10.24"]
[Round "1"]
[White "mishanick"]
[Black "venturov"]
[Result "1-0"]
[WhiteElo "3061"]
[BlackElo "2520"]
[TimeControl "180+1"]
[EndTime "14:05:59 PDT"]
[Termination "mishanick won by checkmate"]

1. d4 Nf6 2. c4 d6 3. Nc3 Nbd7 4. Nf3 g6 5. e4 e5 6. Be2 Bg7 7. O-O O-O 8. Be3 Re8 9. d5 Nh5 10. g3 Bf8 11. Ne1 Ng7 12. Nd3 Be7 13. Qd2 f5 14. f3 b6 15. Rae1 a5 16. Bd1 Nc5 17. Nxc5 bxc5 18. f4 Bf6 19. Ba4 Bd7 20. fxe5 Bxe5 21.
Bg5 Qc8 22. Bb5 a4 23. exf5 Nxf5 24. Ne4 Bxb5 25. cxb5 Qd7 26. Bf6 Qxb5 27. g4 Nd4 28.
Qh6 Re7 29. Bxe7 Ne2+ 30. Rxe2 Qxe2 31. Rf8+ Rxf8 32. Qxf8# 1-0

[Event "Late-Titled-Tuesday-Blitz-October-24-2023"]
[Site "Chess.com"]
[Date "2023.10.24"]
[Round "1"]
[White "Barmen_EV"]
[Black "Drags95"]
[Result "0-1"]
[WhiteElo "2491"]
[BlackElo "2867"]
[TimeControl "180+1"]
[EndTime "14:06:03 PDT"]
[Termination "Drags95 won by resignation"]

1. e4 e5 2. Nf3 Nc6 3. d4 exd4 4. Bc4 Nf6 5. O-O Nxe4 6. Nc3 Nc5 7. Re1+ Ne6 8. Nxd4 Nxd4 9. Qxd4 c6 10. Bh6 Qf6 11.
Qxf6 gxf6 12. Bxf8 Kxf8 13. Bb3 d5 14. Ne2 Rg8 15. Ng3 Nc5 16. Re3 Be6 17. Rf3 Rg6 18. c3 Ne4 19. Bc2 Nxg3 20. Bxg6 Ne2+ 21. Kf1 hxg6 22.
h3 Re8 23. Re1 d4 24. b3 Nxc3 25. Rd3 c5 26. b4 Bc4 27. bxc5 Bxd3+ 0-1

[Event "Late-Titled-Tuesday-Blitz-October-24-2023"]
[Site "Chess.com"]
[Date "2023.10.24"]
[Round "1"]
[White "Mariia89"]
[Black "Mikedannnn"]
[Result "0-1"]
[WhiteElo "2179"]
[BlackElo "2567"]
[TimeControl "180+1"]
[EndTime "14:06:03 PDT"]
[Termination "Mikedannnn won by checkmate"]

1. d4 Nf6 2. Nf3 e6 3. Bg5 c5 4.
e3 b6 5. c3 Bb7 6. Bd3 Be7 7.
Nbd2 cxd4 8. exd4 O-O 9. O-O d6 10. Re1 Nbd7 11. Qe2 a6 12. a4 Re8 13. h3 Nf8 14. Nf1 Nd5 15. Bd2 Ng6 16. g3 Bf8 17. Bg5 Qc7 18. h4 e5 19. h5 exd4 20. Qxe8 Rxe8 21.
Rxe8 Ne5 22. Nxe5 dxe5 23. cxd4 f6 24. Bd2 Qc6 25. Bxh7+ Kxh7 26. Rxf8 Nf4 27. d5 Qxd5 28. Ne3 Qh1# 0-1

[Event "Late-Titled-Tuesday-Blitz-October-24-2023"]
[Site "Chess.com"]
[Date "2023.10.24"]
[Round "1"]
[White "Darko-Dimitrijevic"]
[Black "The_Sherman_Variation"]
[Result "0-1"]
[WhiteElo "2130"]
[BlackElo "2564"]
[TimeControl "180+1"]
[EndTime "14:06:04 PDT"]
[Termination "The_Sherman_Variation won by resignation"]

1. e4 e6 2. d4 d5 3. exd5 exd5 4. Bd3 Nf6 5. Nf3 c5 6. dxc5 Bxc5 7. O-O O-O 8. c3 Nc6 9. Bg5 h6 10. Bxf6 Qxf6 11. Nbd2 Bg4 12. h3 Bh5 13. Qb3 Bb6 14.
Qxd5 Bxf3 15. Qxf3 Qd8 16. Nc4 Bc7 17. Rad1 Qg5 18.
Be4 Rac8 19. Bxc6 bxc6 20. Rfe1 Bb8 21. Nd6 Rcd8 22. Ne4 Qb5 23. b3 Qa5 24. Qe2 Kh8 25. Qc4 Rxd1 26. Rxd1 Qxa2 27. Nc5 Qc2 28. Qd3 Qb2 29.
Rb1 Qa3 30. Re1 Qxc5 0-1

[Event "Late-Titled-Tuesday-Blitz-October-24-2023"]
[Site "Chess.com"]
[Date "2023.10.24"]
[Round "1"]
[White "Witik"]
[Black "Haykoooo0o"]
[Result "1-0"]
[WhiteElo "2803"]
[BlackElo "2463"]
[TimeControl "180+1"]
[EndTime "14:06:08 PDT"]
[Termination "Witik won by checkmate"]

1. e4 c6 2. d4 d5 3. exd5 cxd5 4. Bd3 Nf6 5. c3 Bg4 6. Qb3 Qc7 7. h3 Bd7 8. Ne2 Nc6 9. Bf4 Qc8 10. Nd2 e6 11.
O-O Be7 12. Rfe1 O-O 13. a4 Na5 14. Qc2 a6 15. Nf3 Nc4 16. Ng3 Bd6 17. Ne5 Qc7 18. b3 Nb6 19. c4 dxc4 20. bxc4 Bxe5 21. dxe5 Ne8 22. Bxh7+ Kh8 23. a5 Nxc4 24. Rac1 Rc8 25. Bd3 Bb5 26. Qe2 f5 27. Rc2 Qxa5 28. Rec1 Qa4 29. Bxc4 Kg8 30. Bxe6+ Kh8 31. Qh5# 1-0

[Event "Late-Titled-Tuesday-Blitz-October-24-2023"]
[Site "Chess.com"]
[Date "2023.10.24"]
[Round "1"]
[White "lukas_111111"]
[Black "Felix-Rose"]
[Result "1-0"]
[WhiteElo "2635"]
[BlackElo "2325"]
[TimeControl "180+1"]
[EndTime "14:06:08 PDT"]
[Termination "lukas_111111 won on time"]

1. b3 e5 2. Bb2 Nc6 3. c4 Nf6 4. Nf3 e4 5. Nd4 Bc5 6. Nf5 O-O 7.
e3 d5 8. cxd5 Bxf5 9. dxc6 bxc6 10. Be2 Bd6 11. Na3 Re8 12. Nc4 Bb4 13. O-O a5 14. a3 Bf8 15. Rc1 g6 16. Ne5 Bg7 17. Nxc6 Qd6 18. Nd4 Bd7 19. Qc2 Nd5 20. Qc5 Qe5 21. Ba1 Bf8 22. Qc4 Bd6 23. f4 exf3 24.
Nxf3 Qe6 25. Qd4 f6 26. Bc4 c6 27. Qxf6 Qxf6 28. Bxf6 Be6 29. Ng5 Bxa3 30. Ra1 Be7 31.
Nxe6 Bxf6 32. Bxd5 1-0

[Event "Late-Titled-Tuesday-Blitz-October-24-2023"]
[Site "Chess.com"]
[Date "2023.10.24"]
[Round "1"]
[White "Chempiblinka"]
[Black "Kirill_Klukin"]
[Result "0-1"]
[WhiteElo "2320"]
[BlackElo "2634"]
[TimeControl "180+1"]
[EndTime "14:06:09 PDT"]
[Termination "Kirill_Klukin won on time"]

1. Nf3 c5 2. g3 g6 3. c4 Bg7 4. Bg2 Nc6 5. O-O a6 6. Nc3 Rb8 7. a4 e6 8. e3 Nge7 9. d4 cxd4 10. exd4 d5 11. c5 O-O 12. Bf4 Ra8 13. Rb1 Nf5 14. Ne2 Nb4 15. Qb3 a5 16. Bd2 Bd7 17. Bxb4 axb4 18.
Qxb4 Bxa4 19. Qxb7 Rb8 20. Qa7 Bb5 21. Rfe1 Ra8 22.
Qb7 Qa5 23. b4 Qa6 24. Qxa6 Rxa6 25. Nc3 Bc4 26. b5 Ra3 27. Rec1 Nxd4 28. b6 Rxc3 29.
Rxc3 Ne2+ 30. Kh1 Nxc3 31. Rc1 Na4 32. b7 Nxc5 33. Rb1 Rb8 34. Nd2 Ba6 35. Bf1 Bxf1 36.
Rxf1 Rxb7 37. Kg2 Rb2 38. Nb1 Ne4 39. Na3 Bd4 0-1

[Event "Late-Titled-Tuesday-Blitz-October-24-2023"]
[Site "Chess.com"]
[Date "2023.10.24"]
[Round "1"]
[White "katharinareinecke"]
[Black "rdarruda"]
[Result "0-1"]
[WhiteElo "1886"]
[BlackElo "2536"]
[TimeControl "180+1"]
[EndTime "14:06:09 PDT"]
[Termination "rdarruda won on time"]

1. d4 Nf6 2. c4 e5 3. dxe5 Ne4 4. Bf4 Nc6 5. Nf3 g5 6. Bg3 Bg7 7. Qd5 Nxg3 8. hxg3 Qe7 9. Nc3 Nxe5 10. O-O-O d6 11. Ne4 h6 12. c5 dxc5 13. Nxc5 c6 14.
Qd6 Qxd6 15. Rxd6 Bf8 16. Nxe5 Bxd6 17. Ned3 b6 18. Ne4 Be7 19. e3 Bf5 20. Nc3 O-O-O 21.
Ne1 h5 22. Nf3 h4 23. gxh4 gxh4 24. Bc4 Rdg8 25. Rh2 Rg7 26. a3 b5 0-1

[Event "Late-Titled-Tuesday-Blitz-October-24-2023"]
[Site "Chess.com"]
[Date "2023.10.24"]
[Round "1"]
[White "Apocalyps999"]
[Black "Dacean99"]
[Result "1-0"]
[WhiteElo "2302"]
[BlackElo "2598"]
[TimeControl "180+1"]
[EndTime "14:06:11 PDT"]
[Termination "Apocalyps999 won by checkmate"]

1. e4 d6 2. d4 Nf6 3. Nc3 g6 4. g3 Bg7 5. Bg2 O-O 6. Nge2 e5 7. O-O Nc6 8. d5 Ne7 9. f4 c6 10. fxe5 Nh5 11. exd6 Qxd6 12. Be3 cxd5 13. exd5 Bg4 14. Qd2 Nf5 15. Bf2 Rae8 16. Nd4 Qb4 17. a3 Qc4 18. Nxf5 Bxf5 19. Rad1 Bxc3 20. bxc3 Re2 21. Qd4 Qxd4 22. Bxd4 Bxc2 23. Rde1 Rfe8 24. Rxe2 Rxe2 25.
d6 Ba4 26. Bxb7 Ng7 27. Bd5 Ne6 28. Rb1 Nxd4 29. cxd4 Rd2 30. Rb4 Bd7 31. Rb7 Rxd4 32. Bxf7+ Kxf7 33. Rxd7+ Ke6 34. Rxh7 a5 35. Rg7 Kf6 36. Ra7 a4 37. d7 Ke7 38. Kf2 Rd2+ 39.
Kg1 Rd4 40. Kg2 Rd2+ 41. Kh3 Rd4 42. Ra6 Kxd7 43. Rxg6 Rd3 44. Ra6 Rxa3 45. Kg4 Ra1 46. h4 Ke7 47. h5 Kf7 48. Kg5 a3 49. g4 a2 50. h6 Ke7 51. h7 Rh1 52. Rxa2 Kf7 53.
Ra7+ Kf8 54. Kg6 Rh4 55. Ra8+ Ke7 56. h8=Q Rxg4+ 57. Kf5 Rg1 58. Qf6+ Kd7 59. Rd8+ Kc7 60. Qd6+ Kb7 61. Rb8+ Ka7 62. Qb6# 1-0

[Event "Late-Titled-Tuesday-Blitz-October-24-2023"]
[Site "Chess.com"]
[Date "2023.10.24"]
[Round "1"]
[White "Hoshka"]
[Black "SanchezKelvin"]
[Result "0-1"]
[WhiteElo "2058"]
[BlackElo "2557"]
[TimeControl "180+1"]
[EndTime "14:06:11 PDT"]
[Termination "SanchezKelvin won by resignation"]

1. d4 d5 2. c4 c6 3. Nf3 Nf6 4. Nc3 e6 5. Bg5 dxc4 6. e4 b5 7. e5 h6 8. Bh4 g5 9. Nxg5 hxg5 10. Bxg5 Nbd7 11. exf6 Bb7 12. h4 Qb6 13. Qg4 O-O-O 14.
O-O-O c5 15. d5 b4 16. dxe6 fxe6 17. Ne4 Bd5 18. f7 Bh6 19. Bxc4 Bxg5+ 20. hxg5 Rxh1 21.
Rxh1 Bxc4 22. Nd6+ Qxd6 23. Qxc4 Ne5 24. Qc2 Nxf7 25.
g6 Ne5 26. g7 Nd7 27. Rh8 Nf6 28. Rxd8+ Qxd8 29. Qg6 Kd7 30. Qxf6 Qxf6 31. g8=Q Qxf2 32. g4 c4 33. Qg7+ Kd6 34. Qf8+ Qxf8 0-1

[Event "Late-Titled-Tuesday-Blitz-October-24-2023"]
[Site "Chess.com"]
[Date "2023.10.24"]
[Round "1"]
[White "Kombinator01"]
[Black "jimis98"]
[Result "0-1"]
[WhiteElo "2440"]
[BlackElo "2772"]
[TimeControl "180+1"]
[EndTime "14:06:13 PDT"]
[Termination "jimis98 won by resignation"]

1. d4 e6 2. Bf4 c5 3. e3 Nc6 4. Nf3 Nf6 5. Nbd2 Nh5 6. Bg5 Qc7 7. Ne5 Nxe5 8. Qxh5 cxd4 9. exd4 Ng6 10. Bd3 Nf4 11.
Qf3 Nxd3+ 12. Qxd3 b6 13. O-O-O Bb7 14. Rhg1 Qxh2 15.
Nf3 Qc7 16. Kb1 f6 17. Bh4 O-O-O 18. c4 Kb8 19. Ka1 Ka8 20. Rc1 Rc8 21. Qd2 Bd6 22. c5 Bf4 23. cxb6 Qxc1+ 0-1

[Event "Late-Titled-Tuesday-Blitz-October-24-2023"]
[Site "Chess.com"]
[Date "2023.10.24"]
[Round "1"]
[White "thechessnoob12345"]
[Black "IgorBjelobrk"]
[Result "0-1"]
[WhiteElo "2284"]
[BlackElo "2609"]
[TimeControl "180+1"]
[EndTime "14:06:13 PDT"]
[Termination "IgorBjelobrk won by resignation"]

1. d4 e6 2. c4 b6 3. Nc3 Bb7 4. e4 Bb4 5. Qc2 Bxc3+ 6. bxc3 Qh4 7. Bd3 f5 8. Nf3 Qg4 9. Nd2 Qxg2 10. Rf1 g6 11. d5 Na6 12. Ba3 Nf6 13. O-O-O Nxe4 14. Nxe4 fxe4 15. Bxe4 Qxh2 16. Kb1 O-O-O 17. dxe6 dxe6 18.
Bxb7+ Kxb7 19. Qe4+ Kb8 20. Qxe6 Rxd1+ 21. Rxd1 Qxf2 22.
Qe5 Rc8 23. Qb5 Nc5 24. Rh1 h5 25. Bc1 Qf5+ 26. Ka1 Rd8 27. a4 Qc2 28. a5 Nb3+ 0-1

[Event "Late-Titled-Tuesday-Blitz-October-24-2023"]
[Site "Chess.com"]
[Date "2023.10.24"]
[Round "1"]
[White "dmitrijiIM"]
[Black "Championnn-9"]
[Result "1-0"]
[WhiteElo "2888"]
[BlackElo "2500"]
[TimeControl "180+1"]
[EndTime "14:06:17 PDT"]
[Termination "dmitrijiIM won by checkmate"]

1. e4 c5 2. Nf3 e6 3. g3 Nc6 4. d3 d5 5. Qe2 Nf6 6. e5 Nd7 7. c4 Nb6 8. Nc3 Nd4 9. Qd1 Nxf3+ 10. Qxf3 Be7 11. b3 dxc4 12. dxc4 Qd4 13. Qe3 O-O 14.
Qxd4 cxd4 15. Nb5 Rd8 16. Bg2 Bd7 17. Nxd4 Bc5 18. Be3 Bxd4 19. Bxd4 Bc6 20. Bxc6 bxc6 21. O-O-O Nd7 22. f4 a5 23. Be3 a4 24. Kb2 axb3 25. axb3 Rab8 26. Rd6 Nb6 27. Rxd8+ Rxd8 28. Bxb6 Rd2+ 29.
Kc3 Rd7 30. Ra1 g6 31. Kb4 Kg7 32. Kc5 Rd3 33. b4 Rc3 34. Ra8 h5 35. Bd8 g5 36.
Bf6+ Kg6 37. Rg8+ Kf5 38. Rxg5+ Ke4 39. Rxh5 Kd3 40. Kxc6 Rxc4+ 41. Kd7 Rxb4 42. Ke7 Rb7+ 43. Kf8 Ke4 44. Rh7 Rb8+ 45. Kxf7 Kf5 46. Rh5+ Kg4 47.
Rg5+ Kh3 48. Kxe6 Kxh2 49. Kf7 Rb7+ 50. Be7 Kh3 51. e6 Rb8 52. f5 Kg2 53. f6 Kf3 54. Rg8 Rb7 55. g4 Kf4 56. g5 Kf5 57. g6 Rb1 58. g7 Rh1 59. Rh8 Ra1 60. g8=Q Ke5 61. Qg5+ Kd4 62. Rh4+ Kd3 63. Qg3+ Ke2 64. Rh2+ Kf1 65.
Qf2# 1-0

[Event "Late-Titled-Tuesday-Blitz-October-24-2023"]
[Site "Chess.com"]
[Date "2023.10.24"]
[Round "1"]
[White "TheoSlade"]
[Black "Angry_Twin"]
[Result "0-1"]
[WhiteElo "2512"]
[BlackElo "2939"]
[TimeControl "180+1"]
[EndTime "14:06:19 PDT"]
[Termination "Angry_Twin won by checkmate"]

1. d4 Nf6 2. c4 e6 3. g3 d5 4. Bg2 Bb4+ 5. Nd2 O-O 6. Nf3 b6 7. O-O Bb7 8. a3 Be7 9. cxd5 exd5 10. b4 c6 11. Bb2 Nbd7 12. Ne5 Bd6 13. Ndf3 Re8 14. Rc1 Rc8 15. Qa4 b5 16. Qb3 Nb6 17. Rc2 Nc4 18. Bc3 Ne4 19. a4 f6 20. Nd3 bxa4 21.
Qxa4 Nxc3 22. Rxc3 Rxe2 23. Qxa7 Qe7 24. Nc5 Bxc5 25.
Qxc5 Qxc5 26. dxc5 Rb2 27. Bh3 Re8 28. Nd4 Re4 29. Nc2 Re2 30. Nd4 Re4 31. Nc2 Ba6 32.
Ra1 Bb5 33. Ra8+ Kf7 34. Bf5 Re7 35. Bxh7 g6 36. Rg8 Ne5 37. f4 Ng4 38. Rxg6 Rb1+ 39. Kg2 Bf1+ 40. Kf3 Nxh2+ 41. Kf2 Re2+ 42. Kg1 Bh3+ 43.
Ne1 Rbxe1# 0-1